General information
- name: BNet
- type: Ladder team game (AT/RT)
- host: Battle.net
- saver: TreesHaveEyes
map: Battleground
- players: 8
- length: 53:15
- speed: Fast
- version: 1.26 W3XP
- replay type: Public
» download(269 KB)
Players
team 1 (winner)
frank-zappa (
orange | 26 APM | 1145 actions | 44:53)
7 Mountain King
3 Storm Bolt
3 Bash
1 Avatar
4 Paladin
2 Holy Light
2 Devotion Aura
2 Archmage
1 Summon Water Elemental
1 Brilliance Aura
» actions
| Assign group hotkey | 34 | |
| Basic commands | 27 | |
| Build / train | 67 | |
| Enter build submenu | 23 | |
| Enter hero's abilities submenu | 15 | |
| Give item / drop item | 2 | |
| Right click | 330 | |
| Select / deselect | 323 | |
| Select group hotkey | 255 | |
| Use ability | 69 | |
1145 total
» units
| Peasant | 8 | |
| Footman | 2 | |
| Rifleman | 28 | |
| Mortar Team | 5 | |
43 total
» upgrades
| Gunpowder | 2 | |
| Armor | 2 | |
| Long Rifles | 1 | |
5 total
» buildings
| Farm | 15 | |
| Altar of Kings | 1 | |
| Barracks | 1 | |
| Blacksmith | 1 | |
| Lumber Mill | 1 | |
| Arcane Vault | 1 | |
| Keep | 1 | |
| Workshop | 1 | |
| Castle | 1 | |
| Town Hall | 1 | |
24 total
» build order
00:05 Farm
00:08 Altar of Kings
00:49 Barracks
01:19 Farm
01:48 Blacksmith
02:03 Farm
02:10 Lumber Mill
02:44 Farm
03:08 Arcane Vault
03:31 Farm
04:17 Farm
05:20 Keep
05:54 Farm
06:41 Farm
07:31 Farm
08:21 Farm
09:07 Farm
09:45 Workshop
10:52 Farm
11:30 Farm
12:48 Farm
18:53 Castle
32:42 Farm
42:02 Town Hall
» items
biggiesmalls_ny (
green | 52 APM | 2768 actions | 52:55)
8 Mountain King
3 Storm Bolt
3 Bash
1 Avatar
1 Thunder Clap
7 Paladin
3 Holy Light
2 Divine Shield
1 Resurrection
1 Devotion Aura
» actions
| Assign group hotkey | 22 | |
| Basic commands | 494 | |
| Build / train | 77 | |
| Enter build submenu | 16 | |
| Enter hero's abilities submenu | 16 | |
| Give item / drop item | 6 | |
| Right click | 443 | |
| Select / deselect | 644 | |
| Select group hotkey | 917 | |
| Use ability | 133 | |
2768 total
» units
| Peasant | 8 | |
| Rifleman | 15 | |
| Knight | 6 | |
29 total
» upgrades
| Armor | 3 | |
| Gunpowder | 3 | |
| Long Rifles | 1 | |
| Animal War Training | 1 | |
| Swords | 3 | |
| Plating | 2 | |
13 total
» buildings
| Altar of Kings | 1 | |
| Farm | 11 | |
| Blacksmith | 2 | |
| Barracks | 2 | |
| Keep | 1 | |
| Lumber Mill | 1 | |
| Arcane Vault | 1 | |
| Castle | 1 | |
20 total
» build order
00:20 Altar of Kings
00:34 Farm
01:16 Blacksmith
01:22 Blacksmith
01:29 Barracks
01:46 Farm
02:01 Barracks
02:03 Farm
03:25 Farm
04:52 Keep
05:25 Farm
05:27 Farm
05:28 Farm
07:30 Lumber Mill
08:29 Arcane Vault
08:31 Castle
09:52 Farm
11:04 Farm
11:06 Farm
11:06 Farm
» items
| Orb of Fire | 1 | |
| Potion of Mana | 2 | |
| Lesser Clarity Potion | 4 | |
| Scroll of Regeneration | 3 | |
| Scroll of Town Portal | 2 | |
| Scroll of Healing | 1 | |
| Potion of Lesser Invulnerability | 1 | |
14 total
TreesHaveEyes (
pink | 33 APM | 1748 actions | 53:15)
» actions
| Assign group hotkey | 24 | |
| Basic commands | 137 | |
| Build / train | 184 | |
| Enter build submenu | 143 | |
| Remove unit from queue | 9 | |
| Right click | 547 | |
| Select / deselect | 448 | |
| Select group hotkey | 19 | |
| Use ability | 237 | |
1748 total
» units
» upgrades
| Nature's Blessing | 1 | |
| Ultravision | 1 | |
| Strength of the Wild | 3 | |
| Reinforced Hides | 2 | |
| Well Spring | 1 | |
| Corrosive Breath | 1 | |
9 total
» buildings
| Moon Well | 8 | |
| Hunter's Hall | 1 | |
| Ancient Protector | 111 | |
| Tree of Ages | 1 | |
| Tree of Life | 3 | |
| Altar of Elders | 1 | |
| Tree of Eternity | 1 | |
| Ancient of Wind | 1 | |
| Chimaera Roost | 5 | |
132 total
» build order
00:10 Moon Well
01:00 Moon Well
01:13 Hunter's Hall
02:19 Ancient Protector
02:20 Ancient Protector
02:40 Ancient Protector
02:51 Ancient Protector
03:34 Tree of Ages
03:47 Moon Well
03:53 Moon Well
04:30 Ancient Protector
04:31 Ancient Protector
04:33 Ancient Protector
05:03 Ancient Protector
05:04 Ancient Protector
08:29 Tree of Life
09:18 Ancient Protector
09:19 Ancient Protector
09:19 Ancient Protector
09:20 Ancient Protector
09:22 Ancient Protector
09:23 Ancient Protector
09:25 Ancient Protector
09:27 Ancient Protector
09:29 Ancient Protector
11:34 Ancient Protector
11:35 Ancient Protector
11:35 Ancient Protector
11:36 Ancient Protector
11:37 Ancient Protector
11:44 Ancient Protector
12:01 Tree of Life
12:04 Ancient Protector
12:09 Ancient Protector
12:09 Ancient Protector
13:35 Ancient Protector
13:45 Ancient Protector
13:46 Ancient Protector
13:46 Ancient Protector
13:46 Ancient Protector
13:48 Ancient Protector
13:52 Ancient Protector
14:08 Ancient Protector
14:11 Ancient Protector
14:16 Ancient Protector
14:17 Ancient Protector
14:41 Altar of Elders
15:45 Tree of Life
16:32 Ancient Protector
16:36 Ancient Protector
16:38 Ancient Protector
16:40 Ancient Protector
16:42 Ancient Protector
16:49 Ancient Protector
16:50 Ancient Protector
16:52 Ancient Protector
17:12 Ancient Protector
17:13 Ancient Protector
17:13 Ancient Protector
17:14 Ancient Protector
17:14 Ancient Protector
17:15 Ancient Protector
17:15 Ancient Protector
17:16 Ancient Protector
17:17 Ancient Protector
18:15 Tree of Eternity
20:09 Ancient Protector
20:09 Ancient Protector
20:09 Ancient Protector
20:11 Ancient Protector
20:12 Ancient Protector
20:12 Ancient Protector
20:14 Ancient Protector
20:16 Ancient Protector
20:47 Ancient Protector
22:37 Ancient Protector
22:38 Ancient Protector
22:39 Ancient Protector
22:39 Ancient Protector
22:39 Ancient Protector
22:40 Ancient Protector
22:41 Ancient Protector
22:41 Ancient Protector
22:42 Ancient Protector
22:42 Ancient Protector
22:45 Ancient Protector
22:51 Ancient Protector
22:52 Ancient Protector
22:53 Ancient Protector
22:56 Ancient Protector
23:19 Ancient Protector
23:35 Ancient of Wind
24:43 Chimaera Roost
24:44 Chimaera Roost
24:46 Chimaera Roost
24:56 Chimaera Roost
25:03 Chimaera Roost
25:16 Ancient Protector
25:17 Ancient Protector
25:17 Ancient Protector
25:20 Ancient Protector
25:27 Moon Well
25:28 Moon Well
25:29 Moon Well
25:36 Ancient Protector
25:42 Moon Well
25:44 Ancient Protector
25:44 Ancient Protector
25:56 Ancient Protector
25:56 Ancient Protector
25:57 Ancient Protector
26:01 Ancient Protector
26:02 Ancient Protector
26:03 Ancient Protector
26:03 Ancient Protector
26:04 Ancient Protector
26:04 Ancient Protector
26:06 Ancient Protector
26:10 Ancient Protector
26:11 Ancient Protector
27:16 Ancient Protector
27:17 Ancient Protector
27:18 Ancient Protector
27:18 Ancient Protector
27:25 Ancient Protector
27:26 Ancient Protector
27:29 Ancient Protector
27:31 Ancient Protector
27:31 Ancient Protector
27:32 Ancient Protector
27:35 Ancient Protector
27:43 Ancient Protector
TACOSBACOS (
teal | 46 APM | 2102 actions | 46:08)
5 Mountain King
3 Storm Bolt
2 Bash
» actions
| Assign group hotkey | 129 | |
| Basic commands | 153 | |
| Build / train | 73 | |
| Enter build submenu | 26 | |
| Enter hero's abilities submenu | 6 | |
| Give item / drop item | 2 | |
| Right click | 656 | |
| Select / deselect | 379 | |
| Select group hotkey | 587 | |
| Use ability | 91 | |
2102 total
» units
| Peasant | 22 | |
| Rifleman | 4 | |
| Gryphon Rider | 5 | |
| Siege Engine | 3 | |
34 total
» upgrades
| Masonry | 3 | |
| Lumber Harvesting | 2 | |
| Animal War Training | 1 | |
| Swords | 2 | |
| Armor | 2 | |
| Storm Hammers | 1 | |
| Cloud | 1 | |
12 total
» buildings
| Altar of Kings | 1 | |
| Farm | 10 | |
| Blacksmith | 1 | |
| Barracks | 2 | |
| Scout Tower | 19 | |
| Arcane Vault | 2 | |
| Arcane Tower | 1 | |
| Keep | 1 | |
| Lumber Mill | 1 | |
| Town Hall | 1 | |
| Guard Tower | 5 | |
| Castle | 1 | |
| Gryphon Aviary | 3 | |
| Workshop | 2 | |
| Cannon Tower | 1 | |
51 total
» build order
00:08 Altar of Kings
00:20 Farm
01:20 Blacksmith
01:30 Barracks
01:39 Farm
01:51 Barracks
02:06 Scout Tower
02:14 Farm
03:11 Arcane Vault
03:14 Arcane Tower
03:55 Farm
04:20 Keep
04:43 Lumber Mill
05:13 Farm
07:28 Town Hall
07:32 Scout Tower
07:32 Scout Tower
07:33 Scout Tower
07:34 Scout Tower
07:38 Scout Tower
07:38 Scout Tower
07:38 Scout Tower
07:39 Scout Tower
07:40 Scout Tower
08:01 Farm
08:12 Guard Tower
08:51 Guard Tower
09:30 Scout Tower
09:30 Scout Tower
09:30 Scout Tower
09:31 Scout Tower
09:31 Scout Tower
10:18 Castle
10:25 Guard Tower
10:26 Guard Tower
10:30 Guard Tower
11:23 Arcane Vault
13:14 Gryphon Aviary
13:15 Gryphon Aviary
14:27 Gryphon Aviary
15:09 Farm
15:11 Farm
15:56 Farm
15:56 Farm
19:42 Scout Tower
19:42 Scout Tower
19:43 Scout Tower
19:48 Workshop
20:29 Workshop
21:15 Cannon Tower
» items
| Scroll of Regeneration | 2 | |
| Lesser Clarity Potion | 3 | |
| Staff of Teleportation | 1 | |
| Potion of Lesser Invulnerability | 1 | |
| Dust of Appearance | 1 | |
| Boots of Speed | 1 | |
| Scroll of Town Portal | 1 | |
| Orb of Fire | 1 | |
| Potion of Mana | 1 | |
12 total
team 2 (loser)

»
The-Boss- (
blue | 73 APM | 1414 actions | 19:19)
4 Warden
2 Shadow Strike
1 Blink
1 Fan of Knives
2 Keeper of the Grove
1 Entangling Roots
1 Thorns Aura
» actions
| Assign group hotkey | 61 | |
| Basic commands | 5 | |
| Build / train | 55 | |
| Enter build submenu | 14 | |
| Enter hero's abilities submenu | 6 | |
| Give item / drop item | 2 | |
| Right click | 498 | |
| Select / deselect | 270 | |
| Select group hotkey | 428 | |
| Use ability | 75 | |
1414 total
» units
| Wisp | 12 | |
| Huntress | 7 | |
| Dryad | 5 | |
| Druid of the Claw | 7 | |
| Mountain Giant | 1 | |
| Glaive Thrower | 1 | |
33 total
» upgrades
| Abolish Magic | 1 | |
| Druid of the Claw Training | 2 | |
| Reinforced Hides | 1 | |
4 total
» buildings
| Altar of Elders | 1 | |
| Moon Well | 4 | |
| Hunter's Hall | 1 | |
| Ancient of War | 2 | |
| Tree of Ages | 1 | |
| Ancient Protector | 2 | |
| Ancient of Lore | 2 | |
| Ancient of Wonders | 2 | |
| Tree of Eternity | 1 | |
16 total
» build order
00:09 Altar of Elders
00:21 Moon Well
01:28 Hunter's Hall
01:54 Ancient of War
01:56 Ancient of War
02:27 Moon Well
04:12 Moon Well
04:45 Tree of Ages
06:26 Ancient Protector
07:24 Ancient of Lore
07:25 Ancient of Lore
08:12 Moon Well
08:21 Ancient of Wonders
09:03 Tree of Eternity
09:14 Ancient of Wonders
10:37 Ancient Protector
» items
| Boots of Speed | 1 | |
| Lesser Clarity Potion | 2 | |
| Anti-magic Potion | 2 | |
| Orb of Venom | 1 | |
| Potion of Healing | 2 | |
8 total

»
Booby_monster (
purple | 51 APM | 1198 actions | 23:31)
5 Keeper of the Grove
3 Entangling Roots
2 Thorns Aura
2 Priestess of the Moon
1 Scout
1 Trueshot Aura
2 Warden
1 Fan of Knives
1 Blink
» actions
| Assign group hotkey | 4 | |
| Basic commands | 23 | |
| Build / train | 82 | |
| Enter build submenu | 24 | |
| Enter hero's abilities submenu | 9 | |
| Give item / drop item | 1 | |
| Remove unit from queue | 2 | |
| Right click | 504 | |
| Select / deselect | 435 | |
| Select group hotkey | 7 | |
| Use ability | 107 | |
1198 total
» units
| Wisp | 14 | |
| Archer | 13 | |
| Dryad | 18 | |
| Druid of the Claw | 11 | |
56 total
» upgrades
| Strength of the Wild | 2 | |
| Reinforced Hides | 2 | |
| Abolish Magic | 1 | |
| Ultravision | 1 | |
| Druid of the Claw Training | 2 | |
| Mark of the Claw | 1 | |
9 total
» buildings
| Altar of Elders | 1 | |
| Moon Well | 8 | |
| Ancient of War | 1 | |
| Ancient of Wonders | 2 | |
| Tree of Ages | 1 | |
| Hunter's Hall | 1 | |
| Tree of Eternity | 1 | |
| Tree of Life | 1 | |
| Ancient of Lore | 2 | |
18 total
» build order
00:24 Altar of Elders
00:49 Moon Well
01:12 Ancient of War
01:34 Moon Well
01:52 Ancient of Wonders
02:19 Moon Well
03:00 Moon Well
03:48 Tree of Ages
04:08 Moon Well
04:31 Hunter's Hall
06:00 Moon Well
06:45 Tree of Eternity
07:26 Tree of Life
08:24 Moon Well
09:03 Ancient of Lore
09:48 Moon Well
11:22 Ancient of Lore
12:13 Ancient of Wonders
» items
| Scroll of Town Portal | 1 | |
| Potion of Healing | 1 | |
2 total
Treehugger (
red | 61 APM | 3225 actions | 53:15)
10 Warden
3 Fan of Knives
3 Blink
3 Shadow Strike
1 Spirit of Vengeance
» actions
| Assign group hotkey | 101 | |
| Basic commands | 62 | |
| Build / train | 147 | |
| ESC pressed | 45 | |
| Enter build submenu | 93 | |
| Enter hero's abilities submenu | 11 | |
| Give item / drop item | 2 | |
| Remove unit from queue | 14 | |
| Right click | 1352 | |
| Select / deselect | 438 | |
| Select group hotkey | 594 | |
| Use ability | 366 | |
3225 total
» units
| Wisp | 57 | |
| Archer | 13 | |
| Chimaera | 13 | |
| Hippogryph | 2 | |
85 total
» upgrades
| Strength of the Moon | 3 | |
| Nature's Blessing | 2 | |
| Improved Bows | 1 | |
| Well Spring | 1 | |
| Moon Armor | 3 | |
| Marksmanship | 1 | |
| Corrosive Breath | 1 | |
| Hippogryph Taming | 1 | |
| Strength of the Wild | 3 | |
| Reinforced Hides | 3 | |
19 total
» buildings
| Moon Well | 17 | |
| Hunter's Hall | 1 | |
| Altar of Elders | 1 | |
| Ancient of War | 2 | |
| Ancient Protector | 48 | |
| Tree of Ages | 3 | |
| Tree of Life | 7 | |
| Tree of Eternity | 3 | |
| Ancient of Wonders | 1 | |
| Ancient of Wind | 2 | |
| Chimaera Roost | 1 | |
86 total
» build order
00:12 Moon Well
00:48 Hunter's Hall
01:26 Moon Well
01:57 Altar of Elders
02:20 Moon Well
02:33 Ancient of War
02:38 Ancient of War
03:09 Moon Well
03:24 Ancient Protector
04:57 Ancient Protector
04:58 Ancient Protector
05:42 Tree of Ages
05:42 Tree of Ages
05:43 Tree of Ages
06:01 Moon Well
07:35 Ancient Protector
07:37 Ancient Protector
07:38 Ancient Protector
09:06 Moon Well
09:08 Moon Well
09:57 Tree of Life
10:52 Tree of Life
10:56 Ancient Protector
11:30 Tree of Eternity
11:30 Tree of Eternity
11:30 Tree of Eternity
11:35 Moon Well
12:40 Tree of Life
12:43 Ancient Protector
12:56 Ancient Protector
13:50 Tree of Life
13:53 Ancient Protector
14:00 Ancient Protector
14:01 Ancient Protector
14:32 Ancient Protector
14:33 Ancient Protector
15:12 Tree of Life
15:16 Ancient Protector
15:20 Ancient Protector
15:24 Ancient Protector
15:39 Ancient Protector
15:44 Ancient Protector
16:04 Ancient of Wonders
17:16 Ancient Protector
17:16 Ancient Protector
17:18 Ancient Protector
17:48 Tree of Life
17:51 Ancient Protector
17:52 Ancient Protector
18:04 Ancient Protector
19:38 Ancient Protector
19:43 Ancient Protector
19:50 Ancient Protector
21:32 Ancient of Wind
22:01 Tree of Life
22:11 Ancient Protector
22:15 Ancient Protector
22:37 Ancient Protector
22:47 Ancient Protector
23:05 Ancient Protector
23:20 Ancient Protector
23:53 Ancient Protector
24:06 Chimaera Roost
24:36 Ancient Protector
24:44 Ancient Protector
24:45 Ancient Protector
24:46 Ancient Protector
24:47 Ancient Protector
24:51 Ancient Protector
24:52 Ancient Protector
24:54 Ancient Protector
25:11 Ancient Protector
27:34 Ancient Protector
27:44 Ancient Protector
31:10 Ancient of Wind
36:45 Ancient Protector
36:46 Ancient Protector
36:51 Moon Well
36:55 Moon Well
36:55 Moon Well
43:21 Moon Well
43:22 Moon Well
43:22 Moon Well
43:24 Moon Well
43:25 Moon Well
43:26 Moon Well
» items
| Boots of Speed | 1 | |
| Staff of Teleportation | 1 | |
| Periapt of Vitality | 1 | |
| Potion of Invisibility | 3 | |
| Potion of Lesser Invulnerability | 1 | |
| Potion of Healing | 1 | |
| Orb of Venom | 2 | |
10 total

»
Splinted (
yellow | 57 APM | 1263 actions | 21:58)
5 Goblin Alchemist
3 Acid Bomb
2 Healing Spray
» actions
| Assign group hotkey | 7 | |
| Basic commands | 40 | |
| Build / train | 53 | |
| ESC pressed | 1 | |
| Enter build submenu | 18 | |
| Enter hero's abilities submenu | 5 | |
| Right click | 644 | |
| Select / deselect | 329 | |
| Select group hotkey | 67 | |
| Use ability | 99 | |
1263 total
» units
| Wisp | 20 | |
| Druid of the Claw | 2 | |
| Mountain Giant | 3 | |
| Dryad | 5 | |
30 total
» upgrades
| Reinforced Hides | 2 | |
| Strength of the Wild | 2 | |
| Druid of the Claw Training | 2 | |
| Mark of the Claw | 1 | |
| Hardened Skin | 1 | |
| Resistant Skin | 1 | |
| Abolish Magic | 1 | |
10 total
» buildings
| Hunter's Hall | 1 | |
| Moon Well | 6 | |
| Ancient Protector | 2 | |
| Altar of Elders | 1 | |
| Tree of Ages | 1 | |
| Tree of Life | 1 | |
| Tree of Eternity | 1 | |
| Ancient of Lore | 3 | |
| Ancient of Wonders | 1 | |
17 total
» build order
00:20 Hunter's Hall
00:36 Moon Well
01:44 Ancient Protector
02:00 Altar of Elders
02:32 Ancient Protector
02:57 Moon Well
03:28 Moon Well
05:46 Tree of Ages
06:48 Tree of Life
08:08 Tree of Eternity
09:22 Ancient of Lore
09:23 Ancient of Lore
09:25 Ancient of Lore
10:17 Moon Well
10:52 Moon Well
11:11 Ancient of Wonders
12:01 Moon Well
» items
| Anti-magic Potion | 3 | |
| Staff of Preservation | 1 | |
4 total
Chat log
(00:15 / Allies) biggiesmalls_ny: heroes humans?
(00:20 / Allies) frank-zappa: mk paly
(00:24 / Allies) biggiesmalls_ny: teal?
(00:33 / Allies) TACOSBACOS: rifles mkkkkkkkk
(00:37 / All) TACOSBACOS: pats by 21
(00:39 / Allies) biggiesmalls_ny: ok i MK too
(00:39 / All) TACOSBACOS: its a wrap
(00:48 / Allies) biggiesmalls_ny: MN nukes ok
(01:03 / Allies) TACOSBACOS: bash first
(01:08 / Allies) TACOSBACOS: passive spells cost no mana
(01:42 / Allies) TreesHaveEyes: you the only one on planet earth that goes bash first
(01:51 / Allies) frank-zappa: lol
(01:52 / Allies) biggiesmalls_ny: lolol
(01:55 / Allies) TACOSBACOS: surely u jest
(01:56 / Allies) biggiesmalls_ny: +1
(02:25 / Allies) TACOSBACOS: lets
(02:44 / Allies) biggiesmalls_ny: on my way
(02:49 / Allies) biggiesmalls_ny: bring her next to me
(02:55 / All) biggiesmalls_ny: BITCH :)
(02:57 / All) biggiesmalls_ny: ther eu go
(02:58 / All) TACOSBACOS: owned
(02:59 / All) biggiesmalls_ny: u SLUT
(03:09 / All) The-Boss-: .l.
(03:11 / All) biggiesmalls_ny: little whore
(03:18 / All) TACOSBACOS: green #1
(03:23 / All) TACOSBACOS: truce blue
(03:28 / All) TACOSBACOS: i want no quarrel with u
(03:49 / Allies) biggiesmalls_ny: come orange
(03:59 / Allies) biggiesmalls_ny: orange come
(04:03 / Allies) frank-zappa: ya
(04:05 / Allies) frank-zappa: hold
(04:26 / Allies) biggiesmalls_ny: micro units
(05:46 / Allies) biggiesmalls_ny: get the bitch
(05:48 / Allies) biggiesmalls_ny: get her
(05:53 / All) biggiesmalls_ny: SLUT
(05:55 / All) biggiesmalls_ny: SLUT
(06:00 / Allies) frank-zappa: lmao
(06:05 / All) biggiesmalls_ny: u a slut
(06:05 / All) TACOSBACOS: just wont learn
(06:06 / All) TACOSBACOS: blue
(06:07 / All) biggiesmalls_ny: blue :)
(06:27 / Allies) TACOSBACOS: lets expo
(06:34 / Allies) biggiesmalls_ny: lets go double pally
(06:56 / Allies) biggiesmalls_ny: wait
(07:00 / Allies) biggiesmalls_ny: now
(08:41 / Allies) TreesHaveEyes: teal you see my messages?
(08:43 / Allies) biggiesmalls_ny: nuke him
(08:46 / Allies) TACOSBACOS: no
(08:49 / Allies) TACOSBACOS: u dont have me addd
(09:58 / All) biggiesmalls_ny: SLUT
(10:02 / All) biggiesmalls_ny: here we come u SLUT
(10:26 / All) biggiesmalls_ny: WTF LOL NOOB
(10:26 / All) Splinted: So many rifle whores
(10:58 / Allies) biggiesmalls_ny: back
(10:59 / Allies) biggiesmalls_ny: back all
(11:05 / Allies) TreesHaveEyes: ghold
(11:11 / Allies) biggiesmalls_ny: need healing
(11:32 / Allies) TACOSBACOS: defend
(12:04 / All) biggiesmalls_ny: noobs
(12:08 / Allies) biggiesmalls_ny: protect
(12:38 / Allies) TreesHaveEyes: lumber? gold?
(13:35 / Allies) biggiesmalls_ny: help
(14:10 / Allies) biggiesmalls_ny: nuke the hero
(14:20 / All) biggiesmalls_ny: SLUT
(14:45 / Allies) biggiesmalls_ny: nice
(14:48 / Allies) biggiesmalls_ny: just control the map
(14:49 / Allies) biggiesmalls_ny: starve them
(14:50 / Allies) biggiesmalls_ny: we good
(14:52 / Allies) biggiesmalls_ny: heal my pally
(14:53 / Allies) frank-zappa: ye
(14:53 / Allies) biggiesmalls_ny: plz
(15:05 / Allies) biggiesmalls_ny: orange
(15:06 / Allies) biggiesmalls_ny: heal my pally
(15:14 / Allies) biggiesmalls_ny: go
(15:17 / Allies) TACOSBACOS: wood pzl
(15:59 / All) biggiesmalls_ny: gg ??
(16:23 / Allies) biggiesmalls_ny: heal ur troops
(16:24 / Allies) biggiesmalls_ny: orange
(16:33 / Allies) biggiesmalls_ny: all
(16:33 / Allies) frank-zappa: low mana
(16:34 / All) biggiesmalls_ny: come guys
(16:51 / Allies) biggiesmalls_ny: ait for them
(16:54 / Allies) biggiesmalls_ny: stay all together
(17:11 / All) biggiesmalls_ny: GG
(17:42 / All) biggiesmalls_ny: GG
(17:44 / All) biggiesmalls_ny: noobs
(18:40 / Allies) frank-zappa: gold?
(18:54 / Allies) frank-zappa: coo
(19:32 / All) Treehugger: my team big time sucks
(19:45 / All) biggiesmalls_ny: :) buddy
(19:52 / Allies) biggiesmalls_ny: lol pink
(19:56 / All) biggiesmalls_ny: so many trees hahah wtf
(20:03 / Allies) frank-zappa: lmao
(20:05 / All) TACOSBACOS: green basically 1'v4d ur team
(20:06 / Allies) biggiesmalls_ny: LOL
(20:13 / All) biggiesmalls_ny: SLUT
(20:22 / All) Treehugger: forgot that has lower cd only on level 3
(21:16 / All) TreesHaveEyes: jerks
(21:35 / All) biggiesmalls_ny: too ez
(21:36 / All) frank-zappa: mgs grab trees!
(21:37 / All) TreesHaveEyes: HELP
(21:37 / All) TreesHaveEyes: HELP
(21:38 / All) frank-zappa: cmon!
(21:40 / All) TreesHaveEyes: I'M BEING REPRESSED
(21:52 / All) biggiesmalls_ny: gg noobs
(22:00 / All) TreesHaveEyes: retards attacking the trees lol
(22:10 / All) TreesHaveEyes: all the human bases were wide open
(22:37 / All) TACOSBACOS: so many rifles mk
(22:41 / All) biggiesmalls_ny: :)
(23:03 / All) biggiesmalls_ny: GG
(23:06 / All) biggiesmalls_ny: leave already lol
(23:09 / All) Treehugger: u lose'
(23:11 / All) Treehugger: u are looser
(23:12 / All) biggiesmalls_ny: lol noob
(23:13 / All) biggiesmalls_ny: SMD
(23:18 / All) Treehugger: u loose
(23:23 / All) biggiesmalls_ny: right, noob
(23:39 / All) biggiesmalls_ny: u guys stink
(23:42 / All) biggiesmalls_ny: really bad
(23:43 / All) Treehugger: u loose
(23:45 / All) Treehugger: u looser
(23:50 / All) Treehugger: U loose hahahaha
(23:58 / All) TreesHaveEyes: yellow kept attacking my trees lol
(24:04 / All) biggiesmalls_ny: lolol
(24:07 / All) biggiesmalls_ny: noobs leave
(24:13 / All) Treehugger: y leave when u looser
(24:21 / All) biggiesmalls_ny: whatever noob
(25:44 / All) biggiesmalls_ny: u slut red
(25:46 / All) biggiesmalls_ny: little whore
(25:51 / All) Treehugger: u are looser :)
(26:11 / All) biggiesmalls_ny: whatever, noob :)
(26:14 / All) Treehugger: u are looser
(26:19 / All) biggiesmalls_ny: cool story bro
(26:22 / All) biggiesmalls_ny: dont be mad its just a game
(26:24 / All) biggiesmalls_ny: jeez
(26:31 / All) Treehugger: cool story when u are looser
(26:33 / All) Treehugger: i win, u loose
(26:44 / All) frank-zappa: lose*
(26:45 / All) biggiesmalls_ny: if you say so..
(26:49 / All) Treehugger: u loose
(26:51 / All) Treehugger: just leave, looser
(26:52 / All) biggiesmalls_ny: right
(26:54 / All) biggiesmalls_ny: i got that
(26:55 / All) biggiesmalls_ny: ok
(26:56 / All) biggiesmalls_ny: bye :(
(26:57 / All) frank-zappa: im loose haha
(26:58 / All) biggiesmalls_ny: i lost gg
(27:03 / All) Treehugger: u are loose
(27:09 / All) Treehugger: big dick go in ur ass, pound u until u are looser
(27:14 / All) frank-zappa: wicked
(27:14 / All) Treehugger: watch
(27:19 / All) Treehugger: u are about to be looser
(27:23 / All) biggiesmalls_ny: sore loser :)
(27:28 / All) biggiesmalls_ny: lol ok noob
(27:29 / All) Treehugger: u are sore and looser after
(27:45 / All) biggiesmalls_ny: ok, noob i got the message
(27:54 / All) Treehugger: looser
(28:04 / All) biggiesmalls_ny: lol pink has 50 % of the map
(28:04 / Allies) TreesHaveEyes: lumbers?
(28:08 / All) biggiesmalls_ny: covered with trees lol
(28:11 / All) Treehugger: he is going 2 make u looser
(28:26 / All) biggiesmalls_ny: lol u never stop being a noob red do u
(28:58 / All) biggiesmalls_ny: lol noob u stink
(29:13 / All) biggiesmalls_ny: BITCH lol
(29:21 / All) Treehugger: looser
(29:22 / All) biggiesmalls_ny: lool
(29:28 / All) biggiesmalls_ny: clearly
(29:29 / All) biggiesmalls_ny: I lost
(29:37 / All) Treehugger: yes u did
(29:39 / All) Treehugger: u are looser lol
(29:43 / All) biggiesmalls_ny: its so obvious :)
(29:46 / All) Treehugger: here comes the big dick, u are looser
(29:52 / All) Treehugger: told u, u are looser
(29:55 / All) Treehugger: die looser!
(29:57 / All) Treehugger: die die looser
(30:01 / All) Treehugger: looser lol
(30:07 / All) Treehugger: green how does it feel 2 b looser?
(30:10 / All) Treehugger: u are so loose now
(30:23 / Allies) biggiesmalls_ny: wtf
(30:26 / Allies) biggiesmalls_ny: why you team kkill
(30:27 / All) Treehugger: orange
(30:30 / All) Treehugger: how does it feel 2 be looser?
(30:33 / All) TreesHaveEyes: teal is a piece of dookie!
(30:44 / All) Treehugger: how is it feel 2 be looser guys?
(30:48 / All) Treehugger: why u no shit talk now, loosers?
(31:17 / All) biggiesmalls_ny: so stupid
(31:20 / Allies) biggiesmalls_ny: pink
(31:21 / All) Treehugger: u are looser :)
(31:23 / Allies) biggiesmalls_ny: help me fuck teal
(31:24 / All) Treehugger: how loose r u?
(31:26 / Allies) TreesHaveEyes: omw
(31:36 / All) Treehugger: told u that u r looser
(31:39 / All) frank-zappa: lmao this game is fucked
(31:45 / All) Treehugger: looooooooser hahahaha
(31:53 / All) frank-zappa: red they all buddies
(32:02 / All) frank-zappa: we got duped! haha
(32:11 / All) Treehugger: Lawl
(32:27 / All) frank-zappa: at least we tried green lol
(32:29 / All) biggiesmalls_ny: lol u guys suck
(32:35 / All) Treehugger: I don't play this shit race
(32:38 / All) Treehugger: I'm a human player
(32:49 / Allies) biggiesmalls_ny: so whats the deal teal
(32:53 / Allies) biggiesmalls_ny: red is your girlfriend?
(32:54 / All) Treehugger: NE is a race for noobs, people who can't play a better race
(32:57 / Allies) TACOSBACOS: yes
(32:58 / All) Treehugger: and I'm pro, so I can't play noob race
(33:02 / All) TreesHaveEyes: You ran across THE WILD BUNCH
(33:08 / All) TreesHaveEyes: the terror of the battle nets!
(33:14 / Allies) TACOSBACOS: she has blond hair and her name is sherry
(33:20 / Allies) biggiesmalls_ny: lol
(33:25 / Allies) biggiesmalls_ny: wtf fuck you guys :)
(33:28 / Allies) biggiesmalls_ny: pink
(33:29 / Allies) biggiesmalls_ny: money plz
(33:30 / Allies) biggiesmalls_ny: pink
(33:32 / Allies) biggiesmalls_ny: give me money
(33:34 / Allies) biggiesmalls_ny: or orange i mean
(33:38 / Allies) biggiesmalls_ny: pink he is also a TK
(33:41 / Allies) biggiesmalls_ny: orange money
(33:42 / All) TACOSBACOS: seriously red ur team was horrible
(33:51 / Allies) biggiesmalls_ny: fuck lol
(33:53 / All) TreesHaveEyes: frank zappa has the best song names
(34:02 / All) frank-zappa: haha
(34:15 / All) biggiesmalls_ny: NAHHHH
(34:18 / All) biggiesmalls_ny: let him live
(34:19 / All) biggiesmalls_ny: lol asshole
(34:28 / All) TACOSBACOS: we are ruthless
(34:41 / All) biggiesmalls_ny: lol
(34:43 / All) TACOSBACOS: pink is my brother, shelly is my gf. but pink likes her too
(34:45 / Allies) biggiesmalls_ny: pink are you with tesal?
(34:56 / All) TreesHaveEyes: Yes, we are THE WILD BUNCH
(35:09 / All) Treehugger: How do you two feel to be the losers?
(35:13 / All) biggiesmalls_ny: lol
(35:15 / All) Treehugger: I bet you two fuckers though you were just raping some noob elf
(35:18 / All) biggiesmalls_ny: i dont care actually
(35:20 / All) Treehugger: TWO TKERS
(35:26 / All) biggiesmalls_ny: haha
(35:30 / All) biggiesmalls_ny: i dont even give a shit :)
(35:39 / All) Treehugger: LAWL I HAVE NOTHING THAT CAN HIT UP TO KILL THOS
(35:44 / All) TACOSBACOS: isnt biggie smalls black
(35:52 / All) TreesHaveEyes: biggie biggie biggie
(35:55 / All) TreesHaveEyes: can't you see
(35:57 / All) Treehugger: THIS WILL TAKE A WHILE
(36:01 / All) biggiesmalls_ny: lol
(36:02 / All) TreesHaveEyes: sometimes your words just hypnotize me
(36:05 / All) biggiesmalls_ny: its alright :)
(36:06 / All) TreesHaveEyes: and I just love your flashy ways
(36:23 / Allies) biggiesmalls_ny: lol
(36:29 / All) TreesHaveEyes: you can run but you can't hide forever Zappa
(36:41 / All) TACOSBACOS: die peasant
(36:48 / All) TreesHaveEyes: sooner or later, you gotta be hunted down
(36:49 / Allies) biggiesmalls_ny: lol
(36:50 / All) TACOSBACOS: for KING WALDER FREY
(36:52 / All) TACOSBACOS: FOR THE TWINS
(36:56 / All) TreesHaveEyes: and squished like the cockroach you are
(37:37 / Allies) biggiesmalls_ny: lolol
(37:39 / Allies) biggiesmalls_ny: hahahaha
(37:41 / Allies) biggiesmalls_ny: good stuff
(37:48 / Allies) biggiesmalls_ny: lolol
(37:50 / All) TreesHaveEyes: the ents are marching to isengard
(37:51 / All) biggiesmalls_ny: attack of the ants
(37:55 / All) TACOSBACOS: freaking remake of lotr right here
(37:57 / All) biggiesmalls_ny: lOL
(37:59 / All) biggiesmalls_ny: LOL
(38:14 / All) Treehugger: are those coming to kill me?
(38:19 / All) biggiesmalls_ny: i think so :/
(38:22 / All) biggiesmalls_ny: yeah
(38:23 / All) biggiesmalls_ny: they are
(39:35 / Allies) biggiesmalls_ny: lol
(39:52 / Allies) TreesHaveEyes: they're late to the party
(40:18 / All) TACOSBACOS: seriously y cant i ping shift spam anymore
(40:36 / All) TACOSBACOS: shift right click on mini map right
(40:58 / All) Treehugger: just use alt+g and click on the terrain where your units and shit are
(41:11 / All) Treehugger: those trees were not as menacing as I expected
(41:20 / All) TreesHaveEyes: They're weak when uprooted
(42:06 / All) frank-zappa: lmao fuckoff
(42:10 / All) biggiesmalls_ny: LOLOL
(42:14 / All) biggiesmalls_ny: HAHAHAHAHAHAHAHA
(42:27 / Allies) biggiesmalls_ny: save the worker
(42:28 / Allies) biggiesmalls_ny: fast
(42:29 / Allies) biggiesmalls_ny: save him
(42:30 / All) TreesHaveEyes: You can run but you can't hide from the long arm of the law
(42:38 / Allies) biggiesmalls_ny: LOL
(42:40 / All) biggiesmalls_ny: WTF U DOING
(42:56 / Allies) biggiesmalls_ny: these two towers could kill each other
(43:08 / Allies) TACOSBACOS: same time
(43:09 / Allies) TACOSBACOS: gogo
(43:21 / Allies) biggiesmalls_ny: lets see who goes ddown first
(43:25 / All) TreesHaveEyes: final thoughts?
(43:37 / Allies) biggiesmalls_ny: wow
(43:40 / Allies) biggiesmalls_ny: peasants are strong
(43:40 / All) Treehugger: green and orange are looser
(43:57 / All) TreesHaveEyes: Final thizzoughts?
(44:13 / All) biggiesmalls_ny: NOOOOOOOOOOOOOOOOOOOOOO
(44:14 / All) biggiesmalls_ny: REPAIR
(44:25 / Allies) biggiesmalls_ny: let me repair
(44:26 / Allies) biggiesmalls_ny: plzzz
(44:32 / Allies) biggiesmalls_ny: come on man
(44:35 / Allies) biggiesmalls_ny: thx
(44:38 / Allies) biggiesmalls_ny: let me repair!!
(44:40 / All) Treehugger: unplugger
(44:44 / All) TreesHaveEyes: pulling the plug at the 11th hour
(44:49 / All) biggiesmalls_ny: lol
(44:53 / All) biggiesmalls_ny: i repair
(44:53 / Allies) biggiesmalls_ny: little slut
(45:00 / Allies) biggiesmalls_ny: nice
(45:02 / Allies) biggiesmalls_ny: repairing
(45:03 / Allies) biggiesmalls_ny: :D
(45:54 / Allies) biggiesmalls_ny: lol
(45:56 / Allies) biggiesmalls_ny: threatening
(46:04 / All) biggiesmalls_ny: lol
(46:11 / All) biggiesmalls_ny: beautiful creatures
(46:23 / All) TreesHaveEyes: beautiful, and deadly
(46:28 / All) biggiesmalls_ny: finish it
(46:31 / All) biggiesmalls_ny: fucking whore :)
(46:39 / All) Treehugger: We don't follow your commands slut
(46:49 / All) biggiesmalls_ny: of course you do
(46:51 / All) biggiesmalls_ny: you whore
(47:13 / All) biggiesmalls_ny: LOL
(47:18 / All) biggiesmalls_ny: |haahha
(47:55 / All) biggiesmalls_ny: im gonna win this noob
(48:04 / All) biggiesmalls_ny: it may take a while however
(49:24 / All) biggiesmalls_ny: NOOOOOO
(49:27 / All) biggiesmalls_ny: LET IT LIVE
(49:39 / All) biggiesmalls_ny: YOU SLUT
(49:48 / All) biggiesmalls_ny: NOOB
(49:51 / All) biggiesmalls_ny: you lose you noob
(50:59 / All) biggiesmalls_ny: lol
(51:43 / All) biggiesmalls_ny: you stupid
(51:45 / All) biggiesmalls_ny: ho
(52:35 / All) Treehugger: The end is nigh
(52:43 / All) biggiesmalls_ny: nope
(52:46 / All) biggiesmalls_ny: look
(52:52 / All) biggiesmalls_ny: i leave, when I want. :) fuck you
(52:54 / All) TreesHaveEyes: the end is extremely fucking nigh
(53:02 / All) TreesHaveEyes: he lose lel
(53:04 / All) Treehugger: lawl